 Dungeon Crawl Stone Soup version 0.30.1-3-gfc49f6343a (webtiles) character file.

Game seed: 3790892669911976233

9683 croobank the Covert (level 11, -1/78 HPs)
             Began as an Octopode Delver on July 30, 2023.
             Was an Initiate of Gozag.
             Slain by a manticore (10 damage)
             ... on level 11 of the Dungeon.
             The game lasted 01:01:33 (12916 turns).

croobank the Covert (Octopode Delver)              Turns: 12916, Time: 01:01:33

Health: -1/78      AC:  8    Str: 12    XL:     11   Next: 50%
Magic:  17/18      EV: 17    Int: 17    God:    Gozag
Gold:   967        SH:  6    Dex: 19    Spells: 18/19 levels left

rFire   + + .        q - +1 dagger (protect)
rCold   x x .        y - +2 buckler
rNeg    . . .        (helmet restricted)
rPois   .            h - amulet of magic regeneration
rElec   .            a - +6 ring of dexterity
rCorr   +            v - ring of fire
SInv    .            x - ring of fire
Will    .....        s - ring of resist corrosion
Stlth   ++++++       (no ring)
HPRegen 0.33/turn    (no ring)
MPRegen 0.56/turn    (no ring)
                     (no ring)

%: no passive effects
@: under a protective aura
A: almost no armour, amphibious, 8 rings, camouflage 1, gelatinous body 1,
(nimble swimmer 1), tentacles
a: Renounce Religion, Potion Petition, Call Merchant, Bribe Branch


You were on level 11 of the Dungeon.
You worshipped Gozag.
Gozag was pleased with you.
You visited 2 branches of the dungeon, and saw 12 of its levels.
You also visited: Bailey.

You collected 1867 gold pieces.
You spent 90 gold pieces at shops.
You paid 810 gold pieces to Gozag.

Inventory:

Hand Weapons
 g - a +4 halberd of venom
 i - a +0 long sword of draining
 n - a +2 short sword of draining
 p - a +0 hand axe of venom
 q - a +1 dagger of protection (weapon)
 z - a +0 spear of flaming
 B - a +0 trident
Missiles
 G - a boomerang (quivered)
Armour
 y - a +2 buckler (worn)
Magical Staves
 A - a staff of earth
 C - a staff of cold
Jewellery
 a - a +6 ring of dexterity (left tentacle)
 h - an amulet of magic regeneration (around mantle)
 s - a ring of resist corrosion (on tentacle)
 v - a ring of fire (right tentacle)
 x - a ring of fire (on tentacle)
 J - a +6 ring of strength
Wands
 c - a wand of flame (4)
Scrolls
 b - 4 scrolls of fog
 k - 3 scrolls of teleportation
 r - a scroll of vulnerability
 u - a scroll of fear
 D - a scroll of blinking
 E - a scroll of brand weapon
Potions
 d - 3 potions of heal wounds
 e - 6 potions of flight
 f - 2 potions of lignification
 j - a potion of curing
 l - a potion of brilliance
 m - 6 potions of haste
 o - 6 potions of mutation
 t - 3 potions of invisibility
 w - 3 potions of magic
 F - a potion of attraction {unknown}
 H - 3 potions of resistance {unknown}


   Skills:
 - Level 8.4 Fighting
 - Level 8.1 Short Blades
 - Level 8.1 Dodging
 - Level 12.8 Stealth
 + Level 4.7 Spellcasting
 + Level 5.2 Summonings
 - Level 3.3 Necromancy


You had 18 spell levels left.
You knew the following spells:

 Your Spells              Type           Power      Damage    Failure   Level
a - Necrotise             Necr           60%        1d7       5%          1

Your spell library contained the following spells:

 Spells                   Type           Power      Damage    Failure   Level
 Vampiric Draining        Necr           15%        2d7       16%         3
 Agony                    Necr           15%        N/A       82%         5
 Summon Forest            Summ/Tloc      6%         N/A       89%         5
 Summon Mana Viper        Hex/Summ       13%        N/A       89%         5
 Summon Cactus Giant      Summ           11%        N/A       98%         6
 Fireball                 Conj/Fire      4%         3d4       99%         5
 Iskenderun's Battlesphe  Conj           4%         2d6       99%         5
 Conjure Ball Lightning   Conj/Air       2%         3x3d6     100%        6
 Iron Shot                Conj/Erth      2%         9d2       100%        6
 Orb of Destruction       Conj           2%         9d5       100%        7
 Spellforged Servitor     Conj/Summ      6%         N/A       100%        7


Dungeon Overview and Level Annotations

Branches:
Dungeon (11/15)            Temple (1/1) D:4            Lair (0/5) D:8
 Bailey (visited)
    Orc: D:9-12

Altars:
Cheibriados
Dithmenos
Elyvilon
Fedhas
Gozag
Hepliaklqana
Kikubaaqudgha
Makhleb
Nemelex Xobeh
Okawaru
Qazlal
Ru
Sif Muna
Trog
Uskayaw
Vehumet
Wu Jian
Xom
Yredelemnul
Zin
The Shining One

Shops:
D:8 ([

Annotations:
D:8 2 transporters, ShellytheWitch's ghost, novice MiFi
D:10 Gastronok


Innate Abilities, Weirdness & Mutations

You cannot wear most types of armour.
You are amphibious.
You can wear up to eight rings at the same time.
Your skin changes colour to match your surroundings (Stealth+).
Your rubbery body absorbs attacks. (AC +1, EV +1)
((You are camouflaged when in or above water. (Stealth+)))
You have tentacles for arms and can constrict up to eight enemies at once.


Message History

The manticore bites you but does no damage.
The manticore misses you. The manticore claws you.
You hit the manticore but do no damage. Your squeeze misses the manticore.
The manticore is moderately wounded.
You barely miss the manticore. Your squeeze misses the manticore.
The manticore is moderately wounded.
The manticore bites you! The manticore closely misses you. x2
You hit the manticore but do no damage. You squeeze the manticore.
The manticore is heavily wounded.
The manticore bites you. The manticore claws you!
The manticore barely misses you.
You hit the manticore.
The manticore is heavily wounded.
You hit the manticore but do no damage. Your squeeze misses the manticore.
The manticore is heavily wounded.
The manticore completely misses you. The manticore claws you!
The manticore claws you but does no damage.
Okay, then.
Casting: Necrotise (safe; 5% risk of failure)
Confirm with . or Enter, or press ? or * to list all spells.
Aiming: Necrotise (safe; 5% risk of failure)
Press: ? - help, Shift-Dir - straight line, f/p - manticore
Aim: a manticore (heavily wounded, chance to affect: 55%)
The manticore resists with significant effort.
The manticore bites you but does no damage.
The manticore claws you but does no damage.
The manticore claws you!
Casting: Necrotise (safe; 5% risk of failure)
Confirm with . or Enter, or press ? or * to list all spells.
Aiming: Necrotise (safe; 5% risk of failure)
Press: ? - help, Shift-Dir - straight line, f/p - manticore
Aim: a manticore (heavily wounded, chance to affect: 55%)
The manticore resists with significant effort.
The manticore bites you!
* * * LOW HITPOINT WARNING * * *
The manticore claws you!
* * * LOW HITPOINT WARNING * * *
The manticore claws you!
You die...
Your body crumbles into a pile of gold.

...................#
...................#
...................#
...................#
...................#
..................<#
...................#
...................#
...............H@..#
...................#
...................#
...................#
...................#
........^..........#
..................^#
...................#
..................#


You could see a manticore.

Vanquished Creatures
  Fannar (D:10)
  A two-headed ogre (D:10)
  An elephant (D:8)
  Maggie (D:9)
  A kobold demonologist (D:10)
  A troll (D:10)
  A vampire (D:10)
  2 wyverns
  18 yaks
  2 steam dragons
  Grum (D:9)
  A wraith (D:10)
  2 basilisks (D:8)
  A water moccasin (D:5)
  2 sky beasts
  An ice beast (D:6)
  4 orc warriors
  2 ogres
  2 wolves (D:9)
  A phantom (D:5)
  3 centaurs
  2 bullfrogs
  A gnoll sergeant (D:9)
  3 scorpions
  4 wights
  5 killer bees (D:9)
  4 howler monkeys
  A crimson imp (D:3)
  4 hounds
  2 jellies
  7 orc priests
  A gnoll bouda (D:5)
  5 iguanas
  2 orc wizards
  Ijyb (D:5)
  30 gnolls
  9 adders
  A white imp (D:5)
  2 ufetubi
  2 worms
  3 dart slugs
  38 orcs
  8 ball pythons
  4 bats
  7 endoplasms
  3 giant cockroaches
  3 hobgoblins
  2 jackals (D:3)
  2 quokkas
  2 frilled lizards (D:1)
  8 goblins
  A goblin skeleton (D:3)
  2 goblin zombies (D:3)
  A hobgoblin zombie (D:3)
  7 kobolds
  A kobold skeleton (D:3)
  An orc skeleton (D:3)
  4 orc zombies (D:3)
  2 rats (D:1)
234 creatures vanquished.

Vanquished Creatures (others)
  An orc (D:7)
1 creature vanquished.

Grand Total: 235 creatures vanquished

Notes
Turn   | Place    | Note
-------+----------+-------------------------------------------
     0 | D:5      | croobank the Octopode Delver began the quest for the Orb.
     0 | D:5      | Reached XP level 1. HP: 16/16 MP: 1/1
    30 | D:5      | Noticed an iguana
    51 | D:6      | Noticed an orc priest
    51 | D:6      | Noticed an orc priest
    51 | D:6      | Noticed an iguana
    60 | D:6      | Noticed a wight
    60 | D:6      | Noticed a wight
    63 | D:6      | Noticed a sky beast
    63 | D:6      | Noticed a jelly
    75 | D:6      | Reached XP level 2. HP: 8/21 MP: 2/2
   283 | D:6      | Reached skill level 7 in Stealth
   283 | D:6      | Reached XP level 3. HP: 26/26 MP: 3/3
   286 | D:6      | Reached XP level 4. HP: 14/31 MP: 4/4
   458 | D:5      | Noticed a bullfrog
   462 | D:5      | Killed a bullfrog
   463 | D:5      | Reached XP level 5. HP: 37/37 MP: 5/5
   534 | D:5      | Noticed a water moccasin
  1822 | D:2      | Reached XP level 6. HP: 35/43 MP: 6/6
  2704 | D:3      | Reached skill level 8 in Stealth
  2932 | D:3      | Found a glowing golden altar of the Shining One.
  3644 | D:4      | Found a white marble altar of Elyvilon.
  3868 | D:4      | Found a staircase to the Ecumenical Temple.
  3876 | Temple   | Entered the Ecumenical Temple
  3972 | Temple   | Became a worshipper of Gozag Ym Sagoz the Greedy
  4186 | D:5      | Reached XP level 7. HP: 49/49 MP: 7/7
  4207 | D:5      | Identified the +2 pair of boots of Gampeggu {rElec Dex+8}
  4214 | D:5      | Noticed Ijyb
  4233 | D:5      | Killed Ijyb
  4482 | D:5      | Reached skill level 5 in Fighting
  4482 | D:5      | Reached skill level 9 in Stealth
  4709 | D:5      | Reached XP level 8. HP: 24/55 MP: 8/8
  5078 | D:5      | Reached skill level 5 in Short Blades
  5078 | D:5      | Reached skill level 5 in Dodging
  5219 | D:5      | Found a snail-covered altar of Cheibriados.
  5794 | D:6      | Found a hide-covered altar of Uskayaw.
  6277 | D:6      | Reached skill level 10 in Stealth
  6637 | D:6      | Reached XP level 9. HP: 55/63 MP: 9/9
  7635 | D:7      | Reached skill level 11 in Stealth
  7722 | D:7      | Paralysed by an orc for 2 turns
  8022 | D:7      | Found a radiant altar of Vehumet.
  8126 | D:8      | Found a blossoming altar of Fedhas.
  8288 | D:8      | Found a transporter.
  8302 | D:8      | Noticed ShellytheWitch's ghost (novice MiFi)
  8312 | D:8      | Found a transporter.
  8487 | D:8      | Reached XP level 10. HP: 44/71 MP: 10/10
  8514 | D:8      | Reached skill level 12 in Stealth
  8823 | D:8      | Found a staircase to the Lair.
  8823 | D:8      | Noticed an elephant
  9111 | D:8      | Killed an elephant
  9112 | D:8      | Reached skill level 1 in Spellcasting
  9112 | D:8      | Reached skill level 1 in Summonings
  9317 | D:8      | Found Jeabepp Budgh's Armour Emporium.
  9574 | D:9      | Found Zin's Purification Station.
  9577 | D:9      | Found a glowing silver altar of Zin.
  9580 | D:9      | Bought a potion of curing for 90 gold pieces
  9676 | D:9      | Learned a level 1 spell: Necrotise
  9781 | D:9      | Noticed Maggie
  9789 | D:9      | Killed Maggie
  9865 | D:9      | Reached skill level 1 in Necromancy
 10006 | D:9      | Noticed Grum
 10165 | D:9      | Killed Grum
 10805 | D:10     | Entered Level 10 of the Dungeon
 11237 | D:10     | Found a flagged portal.
 11239 | D:10     | Noticed a kobold demonologist
 11243 | D:10     | Noticed an orange demon
 11255 | D:10     | Killed a kobold demonologist
 11256 | D:10     | Reached XP level 11. HP: 51/77 MP: 15/15
 11260 | Bailey   | Entered a bailey
 11996 | D:10     | Noticed Gastronok
 12098 | D:10     | Noticed Fannar
 12106 | D:10     | Killed Fannar
 12685 | D:11     | Noticed a two-headed ogre
 12716 | D:10     | Killed a two-headed ogre
 12737 | D:10     | Reached skill level 5 in Summonings
 12772 | D:10     | Found a sparkling altar of Nemelex Xobeh.
 12785 | D:10     | Found a shimmering altar of Xom.
 12794 | D:10     | Found a hazy altar of Hepliaklqana.
 12900 | D:11     | Noticed a manticore
 12916 | D:11     | Slain by a manticore

Illustrated notes

Levels and vault maps discovered:
D:1:      evilmike_arrival_hilbert_curve, layout_basic
D:2:      layout_basic
D:3:      layout_rooms, nicolae_tso_besieged_by_evil, minivault_4
D:4:      layout_basic, mainiacjoe_overflow_alcove_4,
          minmay_temple_entry_proselytizer
D:5:      layout_loops_ring, cheibrodos_worm_habitat, dreamdust_gnoll_farm,
          uniq_ijyb
D:6:      layout_cave_pools, general_overflow_altar, serial_co_window_serial,
          co_window_cross_1, co_window_of_opportunity_a, co_window_cross_1,
          co_window_paths_a, co_window_of_opportunity_a,
          co_window_of_opportunity_a, co_window_corner_a, co_window_corner_a,
          co_window_corner_a, co_window_corner_cb, co_window_broadway_c,
          co_window_broadway_b, co_window_corner_cb, co_window_4corner_a,
          glass_columns_b
D:7:      layout_rooms, nicolae_vehumet_altar_sigil
D:8:      layout_loops_corners, mainiacjoe_overflow_catwalk, david_lair_generic,
          gammafunk_ghost_stat_death, serial_shops, shop
D:9:      layout_roguey, zin_purify, uniq_grum, uniq_maggie
D:10:     layout_roguey, nicolae_overflow_quartered_altars, enter_bailey_6,
          serial_corexii_hall, chequers_hall_statues_wall_a,
          corexii_hall_statues_u, uniq_gastronok, uniq_fannar
D:11:     layout_big_octagon, hellmonk_ghost_happy_afterlife
Temple:   bh_familiar_temple

Skill      XL: |  1  2  3  4  5  6  7  8  9 10 11 |
---------------+----------------------------------+-----
Stealth        | 7 8 9 10 11 12 | 12.8
Short Blades   | 3 4 5 7 8 |  8.1
Dodging        | 3 4 5 7 8 |  8.1
Fighting       | 4 5 6 7 8 |  8.4
Spellcasting   | 3 4 |  4.7
Summonings     | 3 5 |  5.2
Necromancy     | 2 3 |  3.3

Action                     |  1- 3 |  4- 6 |  7- 9 | 10-12 || total
---------------------------+-------+-------+-------+-------++-------
  Melee: Short sword       |     4 |   118 |       |       ||   122
         Constrict         |     2 |    47 |    45 |    31 ||   125
         Tentacles         |     1 |    43 |   112 |   117 ||   273
         Dagger            |       |    77 |   344 |   370 ||   791
         Punch             |       |     4 |     5 |    10 ||    19
  Throw: Dart              |       |       |     5 |       ||     5
         Throwing net      |       |       |       |     5 ||     5
         Boomerang         |       |       |       |     2 ||     2
   Cast: Necrotise         |       |       |       |     6 ||     6
 Invoke: Call Merchant     |       |       |       |     1 ||     1
  Evoke: Wand              |     9 |     3 |    22 |    24 ||    58
    Use: Scroll            |     2 |     9 |     4 |     8 ||    23
         Potion            |     1 |     1 |     2 |     9 ||    13
   Stab: Sleeping          |     1 |    21 |    11 |    20 ||    53
         Distracted        |       |       |     3 |     1 ||     4
         Paralysed         |       |       |     1 |     3 ||     4
         Held in net/web   |       |       |       |     3 ||     3
 Armour: Skin              |       |     6 |    62 |    49 ||   117
  Dodge: Dodged            |     3 |   107 |   185 |   217 ||   512
  Block: Buckler           |       |       |       |    29 ||    29
